 Dungeon Crawl Stone Soup version 0.31.0-12-g77e489cdc1 (webtiles) character file.

Game seed: 6738136121317977213

32 spaghetti the Shooter (level 3, -2/32 HPs)
             Began as a Naga Hunter on Feb 18, 2024.
             Slain by a ribbon worm (8 damage)
             ... on level 2 of the Dungeon.
             The game lasted 00:01:26 (799 turns).

spaghetti the Shooter (Naga Hunter)                  Turns: 799, Time: 00:01:26

Health: -2/32      AC:  2    Str: 13    XL:     3   Next: 27%
Magic:  5/5        EV: 10    Int:  9    God:
Gold:   20         SH:  0    Dex: 16    Spells: 5/5 levels left

rFire   . . .        a - +0 shortbow
rCold   . . .        (shield currently unavailable)
rNeg    . . .        c - +0 leather armour
rPois   +            (no helmet)
rElec   .            (no cloak)
rCorr   .            (no gloves)
SInv    +            (no barding)
Will    .....        (no amulet)
Stlth   ++           e - +5 ring of evasion
HPRegen 0.25/turn    (no ring)
MPRegen 0.09/turn

%: no passive effects
@: short of breath, held, very slow
A: AC +1, large, see invisible, deformed body, poison resistance, slowness 2,
spit poison 1, naga tail 1
a: Spit Poison


You were on level 2 of the Dungeon.
You visited 1 branch of the dungeon, and saw 2 of its levels.

You collected 20 gold pieces.

Inventory:

Hand Weapons
 a - a +0 shortbow (weapon)
Armour
 c - a +0 leather armour (worn)
Jewellery
 e - a +5 ring of evasion (left hand)
Scrolls
 b - a scroll of butterflies
 f - a scroll of teleportation


   Skills:
 - Level 2.0 Fighting
 + Level 4.1 Ranged Weapons
 - Level 1.5 Dodging
 + Level 1.7 Stealth
 + Level 1.6 Spellcasting


You had 5 spell levels left.
You didn't know any spells.
Your spell library contained the following spells:

 Spells                   Type           Power      Damage    Failure   Level
 Ensorcelled Hibernation  Hex/Ice        0%         N/A       56%         2
 Fugue of the Fallen      Necr           0%         N/A       80%         3
 Anguish                  Hex/Necr       0%         N/A       99%         4


Dungeon Overview and Level Annotations

Branches:
Dungeon (2/15)

Altars:
Sif Muna

Shops:
D:1 [


Innate Abilities, Weirdness & Mutations

Your serpentine skin is tough. (AC +1)
You have supernaturally acute eyesight. (SInv)
Armour fits poorly on your strangely shaped body.
Your system is resistant to poisons. (rPois)
You cover ground very slowly.
You can spit poison.
You have a snake-like lower body.


Message History

The bat barely misses you.
The ribbon worm bites you but does no damage.
You shoot an arrow.
The arrow barely misses the ribbon worm.
The bat closely misses you. The ribbon worm bites you!
You shoot an arrow.
The arrow barely misses the ribbon worm.
The bat hits you but does no damage. The bat completely misses you.
The ribbon worm bites you.
* * * LOW HITPOINT WARNING * * *
The bat barely misses you.
You shoot an arrow. The arrow hits the ribbon worm!
The ribbon worm is severely wounded.
The bat closely misses you.
The ribbon worm expels a string of sticky webbing.
The stream of webbing hits you but does no damage.
You are caught in a web!
The bat hits you but does no damage.
You struggle to detach yourself from the web.
The bat hits you but does no damage. The ribbon worm barely misses you.
You aren't carrying any potions.
Unknown command.
The web tears apart.
The bat closely misses you.
The ribbon worm expels a string of sticky webbing.
The stream of webbing hits you but does no damage.
You are caught in a web!
Unknown command.
Unknown command.
You aren't carrying any potions.
Aiming: Spit Poison (2% risk of failure)
Press: ? - help, Shift-Dir - straight line, f/p - ribbon worm
Aim: a ribbon worm (heavily wounded, catching its breath, 86% to hit)
The splash of poison hits the ribbon worm.
The ribbon worm is severely wounded.
The bat hits you but does no damage. The ribbon worm completely misses you.
Unknown command.
Unknown command.
Unknown command.
You struggle to detach yourself from the web.
The bat closely misses you. The ribbon worm bites you!
You die...

.... ....... ###
...........
..........##
........$..##
...(..#....
......w#=# #..@.#
.# #....#.## ...
##.....b...
#..####..###.....
#....#.## #.....
#....# .....
##.#..# ....
#.##..# .?$.
#.###.###...


You could see a ribbon worm (catching breath) and a bat.

Vanquished Creatures
  2 dart slugs (D:1)
  3 endoplasms (D:1)
  A giant cockroach (D:2)
  4 goblins (D:1)
  4 hobgoblins
  A quokka (D:1)
  A ball python (D:1)
  3 bats
  A frilled lizard (D:1)
  4 kobolds (D:1)
  2 rats
26 creatures vanquished.

Notes
Turn   | Place    | Note
-------+----------+-------------------------------------------
     0 | D:1      | spaghetti the Naga Hunter began the quest for the Orb.
     0 | D:1      | Reached XP level 1. HP: 19/19 MP: 1/1
   145 | D:1      | Reached XP level 2. HP: 26/26 MP: 3/3
   151 | D:1      | Reached skill level 1 in Spellcasting
   274 | D:1      | Noticed a golden eye
   276 | D:1      | Found a faded altar of an unknown god.
   278 | D:1      | Noticed a great orb of eyes
   278 | D:1      | Noticed a golden eye
   278 | D:1      | Noticed a glass eye
   362 | D:1      | Reached skill level 4 in Ranged Weapons
   468 | D:1      | Found Hidip's Armour Boutique.
   487 | D:1      | Reached XP level 3. HP: 32/32 MP: 5/5
   754 | D:2      | Found a shimmering blue altar of Sif Muna.
   799 | D:2      | Slain by a ribbon worm

Illustrated notes

Levels and vault maps discovered:
D:1:      dpeg_arrival_stone_temple_mockup, layout_basic,
          hellmonk_ecumenical_altar_watching_god, serial_shops,
          nicolae_shop_back_alley_shop
D:2:      layout_rooms, basic_altar

Skill      XL: |  1  2 |
---------------+-------+-----
Spellcasting   | 1 |  1.6
Ranged Weapons | 4 |  4.1
Fighting       | |  2.0
Dodging        | |  1.5
Stealth        | |  1.7

Action                     || total
---------------------------++-------
   Fire: Shortbow          ||    93
Ability: Spit Poison       ||     6
    Use: Scroll            ||     1
         Potion            ||     1
 Armour: Leather armour    ||    38
  Dodge: Dodged            ||    46
